 Dungeon Crawl Stone Soup version 0.21-a0-352-g5b8f553 (webtiles) character file.

63 tof the Chopper (level 3, -1/33 HPs)
             Began as a Minotaur Monk on Oct 10, 2017.
             Slain by a leopard gecko (4 damage)
             ... on level 2 of the Dungeon.
             The game lasted 00:01:52 (1072 turns).

tof the Chopper (Minotaur Monk)                     Turns: 1072, Time: 00:01:53

Health: -1/33      AC:  2    Str: 15    XL:     3   Next: 87%
Magic:  2/2        EV: 13    Int:  7    God:
Gold:   85         SH:  0    Dex: 13    Spells: 2/2 levels left

rFire    . . .     SeeInvis .   a - +0 hand axe
rCold    . . .     Gourm    .   (no shield)
rNeg     . . .     Faith    .   b - +0 robe
rPois    .         Spirit   .   (helmet restricted)
rElec    .         Reflect  .   (no cloak)
rCorr    .         Harm     .   (no gloves)
MR       .....                  (no boots)
Stlth    ++........             (no amulet)
HPRegen  0.11/turn              (no ring)
MPRegen  0.08/turn              (no ring)

@: no status effects
A: retaliatory headbutt, horns 2
a: no special abilities


You were on level 2 of the Dungeon.
You were hungry.

You visited 1 branch of the dungeon, and saw 2 of its levels.

You collected 85 gold pieces.

Inventory:

Hand Weapons
 a - a +0 hand axe (weapon)
Armour
 b - a +0 robe (worn)
Scrolls
 d - a scroll of teleportation {unknown}
 i - a scroll of magic mapping {unknown}
 l - a scroll of random uselessness {unknown}
Potions
 e - a potion of curing
 f - a potion of heal wounds {unknown}
 j - a potion of magic {unknown}
Comestibles
 c - 3 bread rations
 g - 2 meat rations
 h - 4 fruits


   Skills:
 + Level 4.1 Fighting
 * Level 4.4 Axes
 * Level 2.4 Armour
 + Level 3.6 Dodging
 - Level 1.5 Stealth


You had 2 spell levels left.
You didn't know any spells.

Dungeon Overview and Level Annotations

Branches:
Dungeon (2/15)

Altars:
Qazlal
Vehumet


Innate Abilities, Weirdness & Mutations

You reflexively headbutt those who attack you in melee.
You have a pair of horns on your head.


Message History

A gnoll comes into view. It is wielding a club.
The gnoll shouts!
You hit the worm.
You kill the worm!
The goblin shoots a stone.
The stone hits you.
* * * LOW HITPOINT WARNING * * *
You see here a worm corpse.
A hobgoblin comes into view. It is wielding a club.
The hobgoblin shouts!
The hobgoblin moves out of view.
The leopard gecko closely misses you. The leopard gecko closely misses you.
Found 18 stones and 9 poisoned needles.
The goblin shoots a stone.
The stone closely misses you.
You see here a stone.
The leopard gecko barely misses you.
The goblin shoots a stone.
The stone barely misses you.
You see here a stone.
You see here a kobold skeleton.
The leopard gecko bites you.
You die...

#..#.....###..#. #..#
#.##.gg.....##. #..#
#...(.......##. #..# #
##..........##. #..# .#
#............. #..###.
###g###..#....#. ..#.. ###
#...###..#...... #.#.#
#.###....##........#
##.#.###..@l.._......#...##
#..........##....###..#..#
#..##....).###...# ##.....
.....##......###.###
###....
.....#.##....รท.....# .....
.....#.######......### #...
.....#.# ##.........
.....#.# #........... ...
#. #.#.........#


You could see a leopard gecko and a hobgoblin.

Vanquished Creatures
  A gnoll (D:1)
  2 adders (D:2)
  A worm (D:2)
  2 dart slugs
  3 bats (D:1)
  2 giant cockroaches
  5 goblins
  2 hobgoblins (D:2)
  3 jackals (D:1)
  A ball python (D:1)
  2 frilled lizards (D:1)
  3 kobolds
  4 rats
31 creatures vanquished.

Notes
Turn   | Place    | Note
-------+----------+-------------------------------------------
     0 | D:1      | tof the Minotaur Monk began the quest for the Orb.
     0 | D:1      | Reached XP level 1. HP: 19/19 MP: 0/0
    13 | D:1      | Reached skill level 1 in Armour
    13 | D:1      | Reached XP level 2. HP: 27/27 MP: 1/1
   476 | D:1      | Reached XP level 3. HP: 33/33 MP: 2/2
   799 | D:1      | You fall through a shaft!
   817 | D:2      | Found a radiant altar of Vehumet.
   827 | D:2      | Found a stormy altar of Qazlal.
  1057 | D:2      | HP: 1/33 [goblin/stone (6)]
  1072 | D:2      | Slain by a leopard gecko

Vault maps used:
D:1:      dpeg_arrival_simpleton_c
D:2:      nicolae_overflow_hidden_temple, nicolae_overflow_crystal_walls,
          minmay_tetromino_o2

Skill      XL: |  1  2  3 |
---------------+----------+-----
Armour         | 1 2 |  2.4
Axes           | 4 |  4.4
Fighting       | 4 |  4.1
Dodging        | |  3.6
Stealth        | |  1.5

Action                   || total
-------------------------++-------
Melee: Hand axe          ||    74
       Headbutt          ||     8
  Use: Potion            ||     1
 Stab: Sleeping          ||     4
Armor: Robe              ||    12
Dodge: Dodged            ||    67

Table legend:
 A = Spawn XP
 B = Non-spawn XP
 C = Spawn XP percentage of total XP
 D = Spawn monster count
 E = Non-spawn monster count
 F = Spawn count percentage of total count
 G = Total turns spent on level
                    A         B        C        D         E        F      G
               +---------+---------+-------+---------+---------+-------+---------
         Total |       0 |      90 |   0.0 |       0 |      31 |   0.0 |  1072
               +---------+---------+-------+---------+---------+-------+---------
           D:1 |       0 |      42 |   0.0 |       0 |      19 |   0.0 |   799
           D:2 |       0 |      48 |   0.0 |       0 |      12 |   0.0 |   273
               +---------+---------+-------+---------+---------+-------+---------
